 Dungeon Crawl Stone Soup version 0.31-a0-167-g1c394c0614 (webtiles) character file.

Game seed: 12470079213810899345

73113 rabbitsville the Warrior (level 15, -8/107 HPs)
             Began as a Gargoyle Monk on June 14, 2023.
             Was the Champion of Nemelex Xobeh.
             Blown up by a great orb of eyes (35 damage)
             ... with a mindburst bolt
             ... while paralysed by a great orb of eyes
             ... on level 2 of the Shoals on June 15, 2023.
             The game lasted 01:45:41 (25974 turns).

rabbitsville the Warrior (Gargoyle Monk)           Turns: 25974, Time: 01:45:42

Health: -8/107     AC: 32    Str: 23      XL:     15   Next: 42%
Magic:  26/26      EV:  2    Int: 15 (18) God:    Nemelex Xobeh [******]
Gold:   2461       SH:  0    Dex: 15      Spells: 14/14 levels left

rFire   . . .        J - +5 great mace
rCold   . . .        (shield currently unavailable)
rNeg    + + .        H - +3 chain mail
rPois   ∞            g - +1 helmet of Sonapoe {Str+2}
rElec   +            K - +2 cloak
rCorr   .            q - +1 pair of gloves {Dex+3}
SInv    .            (no boots)
Will    .....        N - amulet of reflection Stlth
                     p - ring of positive energy
HPRegen 0.37/turn    E - +6 ring of intelligence
MPRegen 0.20/turn

%: reflection
@: confused, paralysed, weak-willed, flying, mesmerised, slowed
A: sickness immunity, AC +11, big wings, negative energy resistance 1,
electricity resistance, torment resistance 1, petrification resistance
a: Renounce Religion, Draw Escape, Draw Destruction, Draw Summoning, Triple
Draw, Deal Four, Stack Five


You were on level 2 of the Shoals.
You worshipped Nemelex Xobeh.
Nemelex Xobeh was exalted by your worship.
You visited 5 branches of the dungeon, and saw 23 of its levels.
You also visited: Volcano.

You collected 2911 gold pieces.
You spent 450 gold pieces at shops.

Inventory:

Hand Weapons
 J - a +5 great mace (weapon)
 S - a +0 great mace of flaming
Missiles
 s - a throwing net
 x - 14 javelins
 G - 10 atropa-tipped darts
Armour
 d - an orb of light
 g - the +1 helmet of Sonapoe (worn) {Str+2}
   (You acquired it on level 12 of the Dungeon)

   Str:       It affects your strength (+2).
 q - a +1 pair of gloves of dexterity (worn)
 u - a +0 cloak
 D - a +2 chain mail of cold resistance
 H - a +3 chain mail (worn)
 K - a +2 cloak (worn)
 M - a +2 hat
Jewellery
 p - a ring of positive energy (left hand)
 E - a +6 ring of intelligence (right hand)
 F - an amulet of regeneration
 N - an amulet of reflection (around neck)
Wands
 c - a wand of roots (5)
 n - a wand of light (19)
 I - a wand of flame (49)
 L - a wand of paralysis (26)
 U - a wand of digging (9)
 V - a wand of mindburst (12)
 Z - a wand of polymorph (7)
Scrolls
 b - a scroll of silence
 e - 3 scrolls of enchant weapon
 f - 5 scrolls of identify
 i - 6 scrolls of teleportation
 j - 6 scrolls of immolation
 k - 2 scrolls of revelation
 l - 3 scrolls of amnesia
 m - 3 scrolls of poison
 r - 2 scrolls of fog
 t - a scroll of blinking
 v - 2 scrolls of fear
 y - 2 scrolls of enchant armour
 z - a scroll of torment
 B - 2 scrolls of vulnerability
 P - a scroll of brand weapon
Potions
 a - a potion of ambrosia
 h - 5 potions of brilliance
 o - a potion of invisibility
 w - 2 potions of haste
 A - 3 potions of magic
 C - 4 potions of mutation
 O - 2 potions of resistance
 Q - a potion of enlightenment
 T - 2 potions of might
 X - 6 potions of curing
 Y - a potion of heal wounds


   Skills:
 + Level 17.2 Fighting
 + Level 15.7 Maces & Flails
 - Level 7.2 Armour
 - Level 2.4 Dodging
 + Level 15.6 Invocations


You had 14 spell levels left.
You didn't know any spells.
Your spell library contained the following spells:

 Spells                   Type           Power      Damage    Failure   Level
 Apportation              Tloc           0%         N/A       80%         1
 Kiss of Death            Conj/Necr      0%         2d5       80%         1
 Magic Dart               Conj           0%         1d3       80%         1
 Necrotise                Necr           0%         1d4       80%         1
 Summon Small Mammal      Summ           0%         N/A       80%         1
 Call Imp                 Summ           0%         N/A       91%         2
 Ensorcelled Hibernation  Hex/Ice        0%         N/A       91%         2
 Lesser Beckoning         Tloc           0%         N/A       91%         2
 Passwall                 Tmut/Erth      0%         N/A       91%         2
 Call Canine Familiar     Summ           0%         N/A       99%         3
 Confusing Touch          Hex            0%         N/A       99%         3
 Gell's Gravitas          Tloc           0%         N/A       99%         3
 Hailstorm                Conj/Ice       0%         3d3       99%         3
 Ignite Poison            Fire/Tmut/Pois 0%         N/A       99%         3
 Mephitic Cloud           Conj/Pois/Air  0%         N/A       99%         3
 Ozocubu's Armour         Ice            0%         N/A       99%         3
 Summon Guardian Golem    Hex/Summ       0%         N/A       99%         3
 Swiftness                Air            0%         N/A       99%         3
 Teleport Other           Tloc           0%         N/A       99%         3
 Vampiric Draining        Necr           0%         2d6       99%         3
 Dispel Undead            Necr           0%         3d6       100%        4
 Sticky Flame             Conj/Fire      0%         2d3       100%        4
 Agony                    Necr           0%         N/A       100%        5
 Fireball                 Conj/Fire      0%         3d3       100%        5
 Iskenderun's Battlesphe  Conj           0%         2d6       100%        5
 Metabolic Englaciation   Hex/Ice        0%         N/A       100%        5
 Conjure Ball Lightning   Conj/Air       0%         3x3d6     100%        6
 Simulacrum               Ice/Necr       0%         N/A       100%        6
 Orb of Destruction       Conj           0%         9d5       100%        7
 Ozocubu's Refrigeration  Ice            0%         4d7       100%        7
 Spellforged Servitor     Conj/Summ      0%         N/A       100%        7
 Ignition                 Fire           0%         3d3       100%        8


Dungeon Overview and Level Annotations

Branches:
Dungeon (13/15)            Temple (1/1) D:7            Lair (5/5) D:11
 Shoals (2/4) Lair:3        Snake (0/4) Lair:2        Slime (0/5) Lair:5
    Orc (2/2) D:12            Elf (0/3) Orc:2       Volcano (visited)
 Vaults: D:13-14

Altars:
Ashenzari
Cheibriados
Dithmenos
Elyvilon
Fedhas
Gozag
Hepliaklqana
Kikubaaqudgha
Makhleb
Nemelex Xobeh
Okawaru
Qazlal
Ru
Sif Muna
Trog
Uskayaw
Vehumet
Wu Jian
Xom
Yredelemnul
Zin
The Shining One
Jiyva

Shops:
D:12 !   Orc:2 [=(([::[

Annotations:
Lair:3 3 runed translucent doors, liarliar's ghost, journeyman DrCj
Shoals:1 2 transporters, Cahom's ghost, adept MiBe
Shoals:2 Ilsuiw


Innate Abilities, Weirdness & Mutations

You are immune to sickness and miasma.
Your stone body is resilient. (AC +11)
You are immune to poison.
Your large and strong wings let you fly.
You resist negative energy. (rN+)
You are resistant to electric shocks. (rElec)
You are resistant to unholy torment.
You are immune to petrification.


Message History

The skyshark bites you but does no damage.
The skyshark tail-slaps you but does no damage.
The skyshark tail-slaps you. The snapping turtle bites you.
The merfolk siren chants its luring song.
The merfolk avatar chants its luring song.
The merfolk hits you but does no damage.
The great orb of eyes bites you but does no damage.
The merfolk siren chants a haunting song.
The sentinel's mark upon you fades away.
The glowing orange brain pulsates.
You are confused.
Your killer bee appears confused.
The merfolk javelineer throws a javelin.
The javelin pierces through you but does no damage.
The skyshark bites you but does no damage.
The skyshark barely misses you.
The skyshark tail-slaps you but does no damage.
The snapping turtle bites you.
The merfolk siren chants its luring song.
The merfolk hits you but does no damage.
The water nymph touches you.
The merfolk hits you from afar with a +0 trident!
The great orb of eyes gazes at you.
You are more confused.
The skyshark bites you but does no damage.
The skyshark tail-slaps you! The skyshark tail-slaps you.
* * * LOW HITPOINT WARNING * * *
The torpor snail bites you.
* * * LOW HITPOINT WARNING * * *
The snapping turtle bites you but does no damage.
The merfolk hits you but does no damage.
The water nymph touches you.
A merfolk comes into view.
It is wielding a +0 trident and quivering silver boomerangs.
The merfolk avatar chants its luring song.
The merfolk hits you but does no damage.
A merfolk siren comes into view. It is wielding a +0 spear.
The great orb of eyes gazes at you.
Your mind is blasted!
You die...
Your body glows slightly and disappears.

≈≈~~.....~≈≈≈~~≈≈≈
≈≈≈~~....~~≈kmm≈≈≈
≈≈≈~~~.<..~~m~~~≈≈
≈≈≈~~...#.cc).....
≈≈~~~..###mE#####.
~~~~~~.###.##
~~~~~~.....#
.~~~.~y~~~t##
..~~~~~~m@wG#
##~~~~~~)lGlm#
.~~~~~~~m~mH~#
~~~≈~~~~~~~~~)..
≈≈≈~~~~~~~m~~)~.
≈≈≈~~~~~~~.~~)...
≈≈~~~...~y~~~~~..
~~~~~..~~~~~~~~


You could see a merfolk avatar (mesmerising), 2 skysharks, a merfolk javelineer,
a great orb of eyes (misshapen, ally target), a snapping turtle (summoned), a
wind drake (misshapen), a torpor snail (misshapen), a glowing orange brain (very
poisoned, misshapen), 3 merfolk, 2 fauns, a manticore, a water elemental
(summoned), 2 merfolk sirens, a water nymph and 2 friendly killer bees.

Vanquished Creatures
  Gastronok (D:8)
  Kirke (Shoals:1)
  Donald (Shoals:1)
  A merfolk javelineer (Shoals:1)
  3 catoblepae (Lair:5)
  2 hydras (Lair:3)
  2 centaur warriors
  A boulder beetle (Lair:3)
  A two-headed ogre (D:9)
  8 death yaks
  Nergalle (D:11)
  A spriggan (Lair:3)
  Sonja (D:11)
  A skyshark (Shoals:1)
  3 sea snakes
  5 lindwurms
  5 orc knights
  3 cyclopes
  4 fauns
  3 manticores
  An ugly thing (D:12)
  A moth of wrath (Shoals:2)
  5 elephants
  A water nymph (Shoals:1)
  A merfolk siren (Shoals:1)
  2 black mambas
  Joseph (D:9)
  2 gargoyles
  2 unseen horrors
  10 cane toads
  7 komodo dragons
  2 rime drakes
  A kobold demonologist (D:10)
  6 trolls
  A hornet (Lair:3)
  A wind drake (Shoals:1)
  7 dream sheep
  14 blink frogs
  3 snapping turtles
  A vampire (D:11)
  A water elemental (Shoals:1)
  A wraith (D:11)
  A shadow (D:11)
  56 yaks
  A wyvern (Lair:1)
  3 basilisks
  3 hogs (Shoals:1)
  3 vampire mosquitoes
  2 wargs (Orc:1)
  4 nagas (Lair:2)
  14 water moccasins
  2 sky beasts
  36 orc warriors
  19 wolves
  12 ogres
  16 centaurs
  3 phantoms
  2 kobold brigands
  2 gnoll sergeants (D:8)
  9 bullfrogs
  7 scorpions
  8 wights (D:8)
  5 killer bees (D:9)
  7 howler monkeys
  5 electric eels
  8 jellies
  3 hounds
  A gnoll bouda (D:10)
  10 orc priests
  3 iguanas
  2 sleepcaps
  19 orc wizards
  Ijyb (D:2)
  Robin (D:3)
  17 gnolls
  6 adders
  A shadow imp (D:6)
  A white imp (D:7)
  An ufetubus (D:4)
  3 worms
  A dart slug (D:1)
  65 orcs
  7 endoplasms
  2 giant cockroaches
  12 goblins
  8 hobgoblins
  11 kobolds
  3 quokkas
  12 ball pythons
  5 bats
  A frilled lizard (D:1)
  6 rats
549 creatures vanquished.

Vanquished Creatures (collateral kills)
  An entropy weaver (Lair:5)
  Amaemon (Lair:1)
  Lodul (D:12)
  A deep elf pyromancer (D:12)
  An ugly thing (D:11)
  A manticore (Shoals:2)
  A wolf spider (Shoals:2)
  A cyclops (Shoals:2)
  2 elephants (Lair:5)
  A merfolk siren (Shoals:2)
  An orange demon (Lair:1)
  3 cane toads
  3 komodo dragons (Lair:1)
  A wind drake (Lair:5)
  A snapping turtle (Shoals:2)
  A dream sheep (Lair:5)
  A fire bat (Volcano)
  3 vampire mosquitoes (D:12)
  A hell hound (Volcano)
  An ogre (D:12)
  A bullfrog (Lair:1)
28 creatures vanquished.

Vanquished Creatures (others)
  A yak (Lair:1)
  A butterfly (Lair:1)
  18 tentacles (Shoals:1)
20 creatures vanquished.

Grand Total: 597 creatures vanquished

Notes
Turn   | Place    | Note
-------+----------+-------------------------------------------
     0 | D:1      | rabbitsville the Gargoyle Monk began the quest for the Orb.
     0 | D:1      | Reached XP level 1. HP: 14/14 MP: 1/1
   191 | D:1      | Reached XP level 2. HP: 19/19 MP: 2/2
   247 | D:1      | Found a faded altar of an unknown god.
   553 | D:1      | Reached XP level 3. HP: 21/24 MP: 3/3
   707 | D:2      | Reached skill level 4 in Fighting
   956 | D:2      | Reached skill level 1 in Armour
  1245 | D:2      | Reached XP level 4. HP: 29/29 MP: 4/4
  1287 | D:3      | Noticed Robin
  1288 | D:3      | Noticed Ijyb
  1352 | D:3      | Killed Robin
  1381 | D:3      | Found a white marble altar of Elyvilon.
  1573 | D:3      | Reached XP level 5. HP: 33/34 MP: 5/5
  1636 | D:2      | Paralysed by Ijyb for 3 turns
  1654 | D:2      | Killed Ijyb
  1903 | D:3      | Found a blossoming altar of Fedhas.
  2202 | D:3      | Found a radiant altar of Vehumet.
  2361 | D:4      | Reached skill level 5 in Fighting
  2361 | D:4      | Reached XP level 6. HP: 40/40 MP: 6/6
  2867 | D:4      | Reached skill level 5 in Maces & Flails
  3083 | D:4      | Reached XP level 7. HP: 41/45 MP: 7/7
  3172 | D:4      | Identified the +3 leather armour of a bazaar {rPois Str+2}
  3770 | D:5      | Entered Level 5 of the Dungeon
  3816 | D:5      | HP: 3/67 [iguana (5)]
  3819 | D:5      | HP: 1/67 [iguana (2)]
  3934 | D:5      | Reached skill level 6 in Fighting
  4371 | D:5      | Upgraded the game from 0.31-a0-164-g2312942fda to
                  | 0.31-a0-167-g1c394c0614
  4406 | D:5      | Reached skill level 5 in Armour
  4406 | D:5      | Reached XP level 8. HP: 52/52 MP: 8/8
  4800 | D:6      | Reached skill level 7 in Fighting
  5287 | D:6      | Reached XP level 9. HP: 57/59 MP: 9/9
  5433 | D:7      | Reached skill level 8 in Fighting
  5531 | D:7      | Found a staircase to the Ecumenical Temple.
  5545 | Temple   | Entered the Ecumenical Temple
  6134 | D:7      | Found a sparkling altar of Nemelex Xobeh.
  6138 | D:7      | Became a worshipper of Nemelex Xobeh the Trickster
  6138 | D:7      | Reached * piety under Nemelex Xobeh
  6138 | D:7      | Received a gift from Nemelex Xobeh
  6138 | D:7      | Reached ** piety under Nemelex Xobeh
  6335 | D:7      | Reached skill level 1 in Invocations
  6584 | D:8      | Noticed Gastronok
  6658 | D:8      | Found an ornate altar of the Wu Jian Council.
  6877 | D:8      | Killed Gastronok
  6878 | D:8      | Reached skill level 9 in Fighting
  6878 | D:8      | Reached skill level 5 in Invocations
  6878 | D:8      | Reached XP level 10. HP: 11/66 MP: 10/14
  7328 | D:8      | Found a stormy altar of Qazlal.
  7366 | D:8      | Reached skill level 10 in Fighting
  7742 | D:8      | Found a hazy altar of Hepliaklqana.
  7842 | D:8      | Found a broken altar of Ashenzari.
  8038 | D:9      | Noticed a two-headed ogre
  8044 | D:9      | Killed a two-headed ogre
  8077 | D:9      | Found a shimmering altar of Xom.
  8235 | D:9      | Reached XP level 11. HP: 53/73 MP: 16/16
  8492 | D:9      | Reached skill level 10 in Maces & Flails
  8504 | D:8      | Reached skill level 11 in Fighting
  8657 | D:9      | Noticed Joseph
  8676 | D:9      | Killed Joseph
  8941 | D:9      | Reached *** piety under Nemelex Xobeh
  9222 | D:10     | Entered Level 10 of the Dungeon
  9236 | D:10     | Received a gift from Nemelex Xobeh
  9681 | D:10     | Received a gift from Nemelex Xobeh
 10084 | D:10     | Noticed a sun demon
 10324 | D:11     | You are sucked into a shaft and drop 2 floors!
 10337 | D:11     | Noticed Nergalle
 10348 | D:11     | Noticed a spectral orc warlord
 10348 | D:11     | Killed Nergalle
 10360 | D:11     | Received a gift from Nemelex Xobeh
 10687 | D:11     | Noticed Sonja
 10689 | D:11     | Killed Sonja
 10690 | D:11     | Reached skill level 12 in Fighting
 10856 | D:11     | Reached **** piety under Nemelex Xobeh
 10896 | D:11     | Noticed a green ugly thing
 10929 | D:11     | Killed a brown ugly thing
 11331 | D:11     | Reached XP level 12. HP: 80/82 MP: 19/19
 11354 | D:11     | Found a staircase to the Lair.
 11453 | D:11     | Received a gift from Nemelex Xobeh
 11764 | Lair:1   | Entered Level 1 of the Lair of Beasts
 11780 | Lair:1   | Reached skill level 10 in Invocations
 11835 | Lair:1   | HP: 3/82 [yak (6)]
 11845 | Lair:1   | HP: 4/82 [ice devil[the player character] (18)]
 12121 | Lair:1   | Noticed Amaemon
 12127 | Lair:1   | Killed Amaemon
 12304 | Lair:1   | Found a dark tunnel.
 12309 | Volcano  | Entered a volcano
 12423 | Volcano  | Found the +0 pair of fencer's gloves {Riposte Dex+3}
 12423 | Volcano  | Noticed a two-headed ogre
 12423 | Volcano  | Noticed a two-headed ogre
 12786 | Lair:1   | Reached skill level 13 in Fighting
 12949 | Lair:2   | Received a gift from Nemelex Xobeh
 13101 | Lair:2   | Identified the +0 robe of Subjectivity {Harm Drain Str+3}
 13290 | Lair:2   | Found a staircase to the Snake Pit.
 13548 | Lair:2   | Received a gift from Nemelex Xobeh
 14084 | Lair:3   | Reached XP level 13. HP: 64/89 MP: 21/21
 14164 | Lair:3   | Found a runed translucent gate.
 14164 | Lair:3   | Found a runed translucent gate.
 14164 | Lair:3   | Found a runed translucent gate.
 14243 | Lair:3   | Noticed liarliar's ghost (journeyman DrCj)
 14318 | Lair:3   | Reached skill level 14 in Fighting
 14679 | Lair:3   | Reached ***** piety under Nemelex Xobeh
 15557 | Lair:3   | Found a staircase to the Shoals.
 16103 | Lair:4   | Received a gift from Nemelex Xobeh
 16668 | Lair:4   | Reached skill level 15 in Fighting
 16841 | Lair:4   | Received a gift from Nemelex Xobeh
 17337 | Lair:5   | Entered Level 5 of the Lair of Beasts
 17337 | Lair:5   | Found a viscous altar of Jiyva.
 17645 | Lair:5   | Gained mutation: Your large and strong wings let you fly.
                  | [Gargoyle growth]
 17645 | Lair:5   | Reached XP level 14. HP: 70/98 MP: 22/24
 17826 | Lair:5   | Found a staircase to the Slime Pits.
 17930 | Lair:5   | Received a gift from Nemelex Xobeh
 18321 | Lair:5   | Received a gift from Nemelex Xobeh
 19467 | Lair:5   | Reached skill level 16 in Fighting
 19486 | Lair:5   | Got the Almanac of the Impact and the Crypt
 19802 | D:12     | Received a gift from Nemelex Xobeh
 20170 | D:12     | Found Uguddiw's Distillery.
 20181 | D:12     | Bought a potion of curing for 45 gold pieces
 20181 | D:12     | Bought a potion of ambrosia for 120 gold pieces
 20181 | D:12     | Bought a potion of curing for 45 gold pieces
 20244 | D:12     | Identified a scroll of acquirement
 20246 | D:12     | Acquired the +1 helmet of Sonapoe {Str+2}
 20421 | D:12     | Noticed Lodul
 20424 | D:12     | Killed Lodul
 20693 | D:12     | Received a gift from Nemelex Xobeh
 20734 | D:12     | Reached ****** piety under Nemelex Xobeh
 20952 | D:12     | Found a staircase to the Orcish Mines.
 21167 | Orc:1    | Entered Level 1 of the Orcish Mines
 21291 | Orc:1    | Received a gift from Nemelex Xobeh
 21729 | Orc:1    | Reached skill level 15 in Maces & Flails
 22072 | Orc:1    | Found a bloodstained altar of Trog.
 22146 | Orc:2    | Entered Level 2 of the Orcish Mines
 22146 | Orc:2    | Found a staircase to the Elven Halls.
 22146 | Orc:2    | Found Lefeefi's Book Emporium.
 23144 | Orc:2    | Found Teox's Armour Boutique.
 23875 | Orc:2    | Reached XP level 15. HP: 105/105 MP: 26/26
 23923 | Orc:2    | Reached skill level 15 in Invocations
 23967 | Orc:2    | Found Bipunida's Book Shop.
 24224 | Orc:2    | Found Uvaitu's Jewellery Shoppe.
 24224 | Orc:2    | Found Wiusujo's Antique Weapon Boutique.
 24226 | Orc:2    | Found Otrofung's Weapon Shop.
 24228 | Orc:2    | Found Vaumeopp's Armour Emporium.
 24249 | Orc:2    | Received a gift from Nemelex Xobeh
 24320 | Orc:2    | Found Pisch's Antique Armour Shoppe.
 24323 | Orc:2    | Bought a glowing cloak for 240 gold pieces
 24656 | Shoals:1 | Entered Level 1 of the Shoals
 24719 | Shoals:1 | Received a gift from Nemelex Xobeh
 25182 | Shoals:1 | Noticed Kirke
 25237 | Shoals:1 | Killed Kirke
 25242 | Shoals:1 | Reached skill level 17 in Fighting
 25244 | Shoals:1 | Noticed Donald
 25252 | Shoals:1 | Killed Donald
 25431 | Shoals:1 | Noticed a kraken
 25480 | Shoals:1 | Found a transporter.
 25493 | Shoals:1 | Noticed Cahom's ghost (adept MiBe)
 25529 | Shoals:1 | Identified the +1 robe of Past Mistakes {rF- Will+ MP-9
                  | Int+8}
 25588 | Shoals:1 | Received a gift from Nemelex Xobeh
 25593 | Shoals:1 | Identified the +2 great sword of Infection {freeze, rPois
                  | Str+3}
 25672 | Shoals:1 | Found a transporter.
 25970 | Shoals:2 | Paralysed by a great orb of eyes for 5 turns
 25971 | Shoals:2 | Noticed Ilsuiw
 25974 | Shoals:2 | Blown up by a great orb of eyes

Illustrated notes

Levels and vault maps discovered:
D:1:      lemuel_arrival_river_ford, layout_basic,
          dreamdust_ecumenical_altar_angels_and_demons
D:2:      minmay_wonky_spiral, layout_basic
D:3:      layout_loops_ring, mainiacjoe_overflow_alcove_1, fiery_altar_vehumet,
          old_standard_altar, nicolae_goblin_pals
D:4:      layout_layer_cave, minmay_misc_feat_cross, dk_noncrumbling_2,
          uniq_ijyb
D:5:      layout_loops_ring, minmay_misc_feat_more_columns
D:6:      layout_basic
D:7:      layout_loops_corners, mainiacjoe_overflow_alcove_4,
          minmay_temple_entry_junction, roderic_lattice_a
D:8:      nicolae_moon_pools, layout_rooms, nicolae_qazlal_beasts_of_the_sky,
          nicolae_hepliaklqana_hippocampus, mainiacjoe_overflow_brackets,
          kennysheep_mini_moat, uniq_gastronok
D:9:      layout_loops_ring, lemuel_round_altar, uniq_joseph
D:10:     layout_irregular_city, grunt_decor_junction
D:11:     layout_cave_pods, grunt_lair_entry_orc_guard_hut, uniq_nergalle,
          uniq_sonja
D:12:     layout_basic, david_orc_4, serial_shops, shop, uniq_lodul
D:13:     layout_roguey, uniq_maurice
Temple:   nicolae_temple_god_jail
Lair:1:   layout_cave_shapes, enter_volcano_4, lemuel_old_faithful,
          infiniplex_staircase_pool_2, lemuel_fruit_fields, uniq_amaemon
Lair:2:   layout_roguey, minmay_snake_entry_guardpost_small,
          minmay_lindwurm_lava
Lair:3:   layout_chaotic_city, minmay_shoals_entry_hut,
          ebering_ghost_rock_garden, grunt_forest_large_clearings,
          lemuel_fruit_fields
Lair:4:   layout_cellular_growth, nicolae_quartered_pool_super
Lair:5:   evilmike_catoblepas_cave, layout_regular_city,
          nicolae_slime_entry_field_trip, hangedman_lair_unloving_vines,
          columned_hall_lemuel, st_stairs_8, serial_bayou_pond_a, pond,
          serial_bayou_shore_b
Shoals:1: layout_shoals, gammafunk_ghost_berserking_beasts, uniq_donald,
          uniq_kirke
Shoals:2: nicolae_shoals_mermall, layout_shoals, serial_shops, shop, uniq_ilsuiw
Orc:1:    layout_caves, trog_butcher_becter
Orc:2:    st_orc_rangers, layout_caves, serial_shops, shop,
          nicolae_shop_peninsula, nicolae_shop_real_fake_doors, shop,
          basic_altar

Skill      XL: |  1  2  3  4  5  6  7  8  9 10 11 12 13 14 15 |
---------------+----------------------------------------------+-----
Fighting       | 4 5 6 7 9 10 12 13 15 16 17 | 17.2
Armour         | 1 2 3 5 6 7 |  7.2
Maces & Flails | 4 5 6 7 8 9 11 12 13 15 | 15.7
Invocations    | 5 7 9 11 13 14 15 | 15.6
Dodging        | |  2.4

Action                     |  1- 3 |  4- 6 |  7- 9 | 10-12 | 13-15 || total
---------------------------+-------+-------+-------+-------+-------++-------
  Melee: Mace              |    93 |   213 |   147 |       |       ||   453
         Great mace        |       |       |   124 |   639 |   901 ||  1664
  Throw: Javelin           |       |       |     7 |     5 |    10 ||    22
         Throwing net      |       |       |       |     1 |       ||     1
 Invoke: Draw Destruction  |       |       |     2 |    16 |    28 ||    46
         Draw Summoning    |       |       |       |     6 |     7 ||    13
         Draw Escape       |       |       |       |     6 |     2 ||     8
         Triple Draw       |       |       |       |     1 |       ||     1
    Use: Potion            |       |       |     9 |     2 |     2 ||    13
         Scroll            |       |       |     5 |     6 |    12 ||    23
   Stab: Distracted        |       |       |       |       |     1 ||     1
 Armour: Robe              |    34 |    13 |       |       |       ||    47
         Leather armour    |       |    68 |   171 |    69 |       ||   308
         Ring mail         |       |    20 |       |       |       ||    20
         Skin              |       |       |    29 |       |       ||    29
         Chain mail        |       |       |       |   387 |   824 ||  1211
  Dodge: Dodged            |    64 |   121 |   189 |   317 |   514 ||  1205
  Block: Other             |       |       |       |   122 |   299 ||   421
         Reflection        |       |       |       |     3 |    71 ||    74

Table legend: (Time is in decaauts)
 A = Elapsed time spent in this place.
 B = Non-inter-level travel time spent in this place.
 C = Inter-level travel time spent in this place.
 D = Time resting spent in this place.
 E = Time spent auto-exploring this place.
 F = Levels seen in this place.
 G = Mean time per level.
                   A        B        C        D        E       F      G
               +--------+--------+--------+--------+--------+-----+--------+
         Total |  26330 |  25206 |   1124 |   2646 |  13541 |  24 | 1097.1 |
       Dungeon |  13932 |  13167 |    765 |   1103 |   7403 |  13 | 1071.7 |
        Temple |     78 |     78 |      0 |      0 |     29 |   1 |   78.0 |
          Lair |   7655 |   7405 |    250 |    455 |   4638 |   5 | 1531.0 |
        Shoals |   1315 |   1315 |      0 |     98 |    660 |   2 |  657.5 |
  Orcish Mines |   3186 |   3077 |    109 |    990 |    811 |   2 | 1593.0 |
       Volcano |    162 |    162 |      0 |      0 |      0 |   1 |  162.0 |
               +--------+--------+--------+--------+--------+-----+--------+

Top non-repeatable levels by time:
  Lair:3: 2058 daAuts
  Lair:5: 1997 daAuts
   Orc:1: 1997 daAuts
    D:11: 1720 daAuts
    D:12: 1700 daAuts
     D:8: 1595 daAuts
  Lair:4: 1512 daAuts
     D:4: 1436 daAuts
     D:7: 1315 daAuts
  Lair:2: 1285 daAuts
Shoals:1: 1207 daAuts
   Orc:2: 1188 daAuts
    D:10: 1144 daAuts
     D:9: 1021 daAuts
     D:3: 984 daAuts
